 Dungeon Crawl Stone Soup version 0.23-a0-650-ga4d50d4d25 (webtiles) character file.

19 Napalmbreeze the Grave Robber (level 2, 0/15 HPs)
             Began as a Deep Elf Necromancer on Jan 3, 2019.
             Slain by an adder (1 damage)
             ... on level 2 of the Dungeon.
             The game lasted 00:02:58 (1104 turns).

Napalmbreeze the Grave Robber (DENe)                Turns: 1104, Time: 00:02:58

Health: 0/15       AC:  2    Str:  5    XL:     2   Next: 55%
Magic:  0/8        EV: 13    Int: 19    God:
Gold:   62         SH:  0    Dex: 15    Spells: 5/7 levels left

rFire    . . .     SeeInvis .   f - +0 dagger
rCold    . . .     Gourm    .   (no shield)
rNeg     . . .     Faith    .   a - +0 robe
rPois    .         Spirit   .   (no helmet)
rElec    .         Reflect  .   (no cloak)
rCorr    .         Harm     .   (no gloves)
MR       .....                  (no boots)
Stlth    ++........             (no amulet)
HPRegen  0.05/turn              (no ring)
MPRegen  0.11/turn              (no ring)

@: no status effects
A: no striking features
a: no special abilities


You were on level 2 of the Dungeon.
You were not hungry.

You visited 1 branch of the dungeon, and saw 2 of its levels.

You collected 62 gold pieces.

Inventory:

Hand Weapons
 f - a +0 dagger (weapon)
Armour
 a - a +0 robe (worn)
Scrolls
 b - 2 scrolls of identify {unknown}
 g - a scroll of enchant weapon {unknown}
Potions
 d - a potion of magic {unknown}
 e - a potion of brilliance {unknown}
 h - a potion of degeneration {unknown}
Comestibles
 c - a ration
 i - 5 chunks of flesh


   Skills:
 - Level 2.4 Dodging
 - Level 2.4 Stealth
 + Level 3.4 Spellcasting
 * Level 5.5 Necromancy


You had 5 spell levels left.
You knew the following spells:

 Your Spells              Type           Power        Failure   Level  Hunger
a - Pain                  Necr           ###.         1%          1    None
x - Animate Skeleton      Necr           N/A          1%          1    None

Your spell library contained the following spells:

 Spells                   Type           Power        Failure   Level  Hunger
 Vampiric Draining        Necr           ###.......   4%          3    ###....
 Regeneration             Chrm/Necr      ##........   14%         3    ###....
 Animate Dead             Necr           N/A          16%         4    ####...


Dungeon Overview and Level Annotations

Branches:
Dungeon (2/15)

Altars:


Message History

Attack!
Your frilled lizard skeleton barely misses the adder.
The adder bites your frilled lizard skeleton.
Unknown command.
The adder bites your frilled lizard skeleton.
Your frilled lizard skeleton is destroyed!
The adder bites you.
* * * LOW HITPOINT WARNING * * *
You hit the adder.
The adder is heavily wounded.
The adder bites you.
* * * LOW HITPOINT WARNING * * *
Unknown command.
Casting: Pain (safe; 1% risk of failure)
Confirm with . or Enter, or press ? or * to list all spells.
Aiming: Pain (safe; 1% risk of failure)
Press: ? - help, Shift-Dir - straight line, f/p - adder
Aim: an adder (heavily wounded, chance to defeat MR: 88%)
The adder writhes in agony!
The adder bites you.
You die...

.........#
..(......#
.........#
..!......#
.........#
.........#
.........#
.......@.###
.......S(..###
.............#
.........#<#.#
.........#)..#
.......#.#.###
########)#.#
..#.. ..#..


You could see an adder.

Vanquished Creatures
  2 bats (D:1)
  3 goblins
  2 kobolds
  A ball python (D:1)
  2 frilled lizards
  9 rats (D:1)
19 creatures vanquished.

Vanquished Creatures (collateral kills)
  A dart slug (D:1)
  A leopard gecko (D:1)
2 creatures vanquished.

Grand Total: 21 creatures vanquished

Notes
Turn   | Place    | Note
-------+----------+-------------------------------------------
     0 | D:1      | Napalmbreeze the Deep Elf Necromancer began the quest for
                  | the Orb.
     0 | D:1      | Reached XP level 1. HP: 10/10 MP: 6/6
     2 | D:1      | Learned a level 1 spell: Animate Skeleton
   347 | D:1      | Reached skill level 5 in Necromancy
   590 | D:1      | Reached XP level 2. HP: 11/15 MP: 2/8
  1104 | D:2      | Slain by an adder

Vault maps used:
D:1:      scummos_arrival_star, dk_noncrumbling_3, minmay_rat_gold_closets
D:2:      overflow_temple_1_default, serial_glass, glass_columns_c,
          glass_columns_a, uniq_sigmund

Skill      XL: |  1 |
---------------+----+-----
Necromancy     | 5 |  5.5
Dodging        | |  2.4
Stealth        | |  2.4
Spellcasting   | |  3.4

Action                   || total
-------------------------++-------
Melee: Unarmed           ||     1
       Dagger            ||     6
 Cast: Pain              ||    35
       Animate Skeleton  ||     7
Armor: Robe              ||     2
Dodge: Dodged            ||     9

Table legend:
 A = Non-vault XP
 B = Vault XP
 C = Vault XP percentage of total XP
 D = Non-vault monster count
 E = Vault monster count
 F = Vault count percentage of total count
                 A         B        C        D         E       F
            +---------+---------+-------+---------+---------+-------
      Total |      21 |       7 |  25.0 |      14 |       7 |  33.3
            +---------+---------+-------+---------+---------+-------
        D:1 |      17 |       7 |  29.2 |      11 |       7 |  38.9
        D:2 |       4 |       0 |   0.0 |       3 |       0 |   0.0
            +---------+---------+-------+---------+---------+-------
